| TOP OF THE 1ST |
|
Chicago White Sox batting - Pitching for California Angels : RHP Jonathan Jackson
|
|
Pitching: RHP Jonathan Jackson
|
|
|
Batting: SHB Alfie Bungledorf
|
0-0: Called Strike 0-1: Fly out, F7 (Line Drive, 7, EV 103.8 MPH)
|
|
Batting: RHB Dieter Knoops
|
0-0: Ball 1-0: Foul Ball, location: 2F 1-1: Swinging Strike 1-2: Fly out, F8 (Line Drive, 8LM, EV 105.6 MPH)
|
|
Batting: RHB Joseph Disepolo
|
0-0: Fly out, F6 (Popup, 6MS, EV 69.4 MPH)
|
| Top of the 1st over - 0 runs, 0 hits, 0 errors, 0 left on base; Chicago 0 - California 0 |
| BOTTOM OF THE 1ST |
|
California Angels batting - Pitching for Chicago White Sox : RHP Ricky Salas
|
|
Pitching: RHP Ricky Salas
|
|
|
Batting: RHB Alain Delhaye
|
0-0: Ball 1-0: Called Strike 1-1: Ball 2-1: Called Strike 2-2: SINGLE (Groundball, 5L, EV 97.5 MPH)
|
|
Batting: RHB Nick Dunn
|
0-0: Ball 1-0: Swinging Strike 1-1: Grounds into double play, 4-6-3 (Groundball, 34, EV 111.9 MPH)
|
|
Batting: LHB Mark Reeg
|
0-0: Ball 1-0: Fly out, F3 (Popup, 3SF, EV 80.0 MPH)
|
| Bottom of the 1st over - 0 runs, 1 hit, 0 errors, 0 left on base; Chicago 0 - California 0 |
| TOP OF THE 2ND |
|
Chicago White Sox batting - Pitching for California Angels : RHP Jonathan Jackson
|
|
Batting: SHB Jonathan Jenkins
|
0-0: Ball 1-0: Ground out 6-3 (Groundball, 6, EV 87.5 MPH)
|
|
Batting: RHB Dietmar Warmisch
|
0-0: Ball 1-0: Called Strike 1-1: Ground out 6-3 (Groundball, 6, EV 85.0 MPH)
|
|
Batting: RHB Rich Stinson
|
0-0: Swinging Strike 0-1: Ball 1-1: Foul Ball, location: 2F 1-2: Fly out, F3 (Popup, 3F, EV 73.1 MPH)
|
| Top of the 2nd over - 0 runs, 0 hits, 0 errors, 0 left on base; Chicago 0 - California 0 |
| BOTTOM OF THE 2ND |
|
California Angels batting - Pitching for Chicago White Sox : RHP Ricky Salas
|
|
Batting: RHB Preston Deakyne
|
0-0: Fly out, F8 (Flyball, 8LM, EV 90.0 MPH)
|
|
Batting: LHB Jonathon Walton
|
0-0: Called Strike 0-1: Ball 1-1: Ball 2-1: DOUBLE (Line Drive, 9LS, EV 94.4 MPH)
|
|
Batting: RHB Bjoern Waltersson
|
0-0: Ball 1-0: Ball 2-0: Called Strike 2-1: Ball 3-1: Called Strike 3-2: Foul Ball, location: 2F 3-2: Foul Ball, location: 2F 3-2: Strikes out swinging
|
|
Batting: LHB Justin Alexander
|
0-0: Ball 1-0: Swinging Strike 1-1: Called Strike 1-2: Ball Wild Pitch! Jonathon Walton to third 2-2: Foul Ball, location: 2F 2-2: Foul Ball, location: 2F 2-2: Ball 3-2: Strikes out looking
|
| Bottom of the 2nd over - 0 runs, 1 hit, 0 errors, 1 left on base; Chicago 0 - California 0 |
| TOP OF THE 3RD |
|
Chicago White Sox batting - Pitching for California Angels : RHP Jonathan Jackson
|
|
Batting: RHB Brad Boals
|
0-0: Ball 1-0: Foul Ball, location: 2F 1-1: Foul Ball, location: 2F 1-2: Ball 2-2: Ball 3-2: Ground out 6-3 (Groundball, 6S, EV 77.5 MPH)
|
|
Batting: LHB Sidney Pedder
|
0-0: Ball 1-0: DOUBLE (Line Drive, 9LS, EV 108.1 MPH)
|
|
Batting: RHB Chris Cooper
|
0-0: Called Strike 0-1: SINGLE (Groundball, 4MD, EV 95.6 MPH) Sidney Pedder to third Runner from 3rd tries for Home, SAFE, throw by CF to home
|
|
Batting: SHB Alfie Bungledorf
|
0-0: Swinging Strike 0-1: Ball 1-1: Called Strike 1-2: Fly out, F6 (Popup, 6MS, EV 64.4 MPH)
|
|
Batting: RHB Dieter Knoops
|
0-0: Foul Ball, location: 2F 0-1: Foul Ball, location: 2F 0-2: DOUBLE (Line Drive, 89XD, EV 102.5 MPH) Chris Cooper to third
|
|
Batting: RHB Joseph Disepolo
|
0-0: SINGLE (Line Drive, 56D, EV 98.1 MPH) Chris Cooper scores Dieter Knoops to third Runner from 3rd tries for Home, SAFE, throw by LF to home
|
|
Batting: SHB Jonathan Jenkins
|
0-0: Ball 1-0: Ball 2-0: Ball 3-0: Called Strike 3-1: Foul Ball, location: 2F 3-2: Foul Ball, location: 2F 3-2: Base on Balls Joseph Disepolo to second
|
|
Batting: RHB Dietmar Warmisch
|
0-0: Foul Ball, location: 2F 0-1: Ball 1-1: Fly out, F7 (Line Drive, 7S, EV 96.9 MPH)
|
| Top of the 3rd over - 3 runs, 4 hits, 0 errors, 2 left on base; Chicago 3 - California 0 |
| BOTTOM OF THE 3RD |
|
California Angels batting - Pitching for Chicago White Sox : RHP Ricky Salas
|
|
Batting: RHB Avery Maxwell
|
0-0: Ball 1-0: Ball 2-0: Called Strike 2-1: SINGLE (Line Drive, 7S, EV 98.8 MPH)
|
|
Batting: LHB Javier Trujillo
|
0-0: SINGLE (Line Drive, 34D, EV 98.1 MPH) Avery Maxwell to second Runner from 2nd tries for 3rd, SAFE, throw by RF made to third
|
|
Batting: RHB Alain Delhaye
|
0-0: Fielders Choice at 2nd, 5-4 (Groundball, 5, EV 85.0 MPH) Avery Maxwell scores
|
|
Batting: RHB Nick Dunn
|
0-0: Grounds into double play, 6-4-3 (Groundball, 6, EV 89.4 MPH)
|
| Bottom of the 3rd over - 1 run, 2 hits, 0 errors, 0 left on base; Chicago 3 - California 1 |
| TOP OF THE 4TH |
|
Chicago White Sox batting - Pitching for California Angels : RHP Jonathan Jackson
|
|
Batting: RHB Rich Stinson
|
0-0: Called Strike 0-1: Foul Ball, location: 2F 0-2: Strikes out looking
|
|
Batting: RHB Brad Boals
|
0-0: Called Strike 0-1: SINGLE (Line Drive, 89M, EV 100.6 MPH)
|
|
Batting: LHB Sidney Pedder
|
0-0: Ball 1-0: Called Strike 1-1: Foul Ball, location: 2F 1-2: Strikes out looking
|
|
Batting: RHB Chris Cooper
|
0-0: Called Strike 0-1: Ball 1-1: Swinging Strike 1-2: Fly out, F8 (Flyball, 8LS, EV 87.5 MPH)
|
| Top of the 4th over - 0 runs, 1 hit, 0 errors, 1 left on base; Chicago 3 - California 1 |
| BOTTOM OF THE 4TH |
|
California Angels batting - Pitching for Chicago White Sox : RHP Ricky Salas
|
|
Batting: LHB Mark Reeg
|
0-0: Fly out, F7 (Line Drive, 7D, EV 88.8 MPH)
|
|
Batting: RHB Preston Deakyne
|
0-0: Ball 1-0: Ball 2-0: Ball 3-0: Base on Balls
|
|
Batting: LHB Jonathon Walton
|
0-0: Called Strike Preston Deakyne steals 2nd base 0-1: Called Strike 0-2: Ball 1-2: Foul Ball, location: 2F 1-2: Foul Ball, location: 2F 1-2: Foul Ball, location: 2F 1-2: Ball 2-2: Strikes out looking
|
|
Batting: RHB Bjoern Waltersson
|
0-0: Ball 1-0: Ground out 2-3 (Groundball, 2L, EV 66.2 MPH)
|
| Bottom of the 4th over - 0 runs, 0 hits, 0 errors, 1 left on base; Chicago 3 - California 1 |
| TOP OF THE 5TH |
|
Chicago White Sox batting - Pitching for California Angels : RHP Jonathan Jackson
|
|
Batting: SHB Alfie Bungledorf
|
0-0: Called Strike 0-1: Foul Ball, location: 2F 0-2: Ball 1-2: Strikes out looking
|
|
Batting: RHB Dieter Knoops
|
0-0: Called Strike 0-1: Called Strike 0-2: Ball 1-2: Foul Ball, location: 2F 1-2: Foul Ball, location: 2F 1-2: Fly out, F8 (Flyball, 8LD, EV 99.4 MPH)
|
|
Batting: RHB Joseph Disepolo
|
0-0: Ground out 4-3 (Groundball, 4, EV 108.8 MPH)
|
| Top of the 5th over - 0 runs, 0 hits, 0 errors, 0 left on base; Chicago 3 - California 1 |
| BOTTOM OF THE 5TH |
|
California Angels batting - Pitching for Chicago White Sox : RHP Ricky Salas
|
|
Batting: LHB Justin Alexander
|
0-0: Ball 1-0: Foul Ball, location: 2F 1-1: Ball 2-1: Called Strike 2-2: SINGLE (Groundball, 6MS, EV 66.2 MPH) (infield hit)
|
|
Batting: RHB Avery Maxwell
|
0-0: Ball 1-0: Called Strike 1-1: Ball 2-1: Grounds into double play, 6-4-3 (Groundball, 6, EV 83.8 MPH)
|
|
Batting: LHB Javier Trujillo
|
0-0: Ball 1-0: Ball 2-0: Called Strike 2-1: Ball 3-1: Base on Balls
|
|
Batting: RHB Alain Delhaye
|
0-0: Called Strike 0-1: Ball 1-1: Ball 2-1: Ground out 5-3 (Groundball, 5S, EV 71.9 MPH)
|
| Bottom of the 5th over - 0 runs, 1 hit, 0 errors, 1 left on base; Chicago 3 - California 1 |
| TOP OF THE 6TH |
|
Chicago White Sox batting - Pitching for California Angels : RHP Jonathan Jackson
|
|
Batting: SHB Jonathan Jenkins
|
0-0: Ball 1-0: Ball 2-0: Foul Ball, location: 2F 2-1: Fly out, F9 (Flyball, 9LS, EV 92.5 MPH)
|
|
Batting: RHB Dietmar Warmisch
|
0-0: Ball 1-0: Fly out, F3 (Popup, 3S, EV 69.4 MPH)
|
|
Batting: RHB Rich Stinson
|
0-0: Ball 1-0: Foul Ball, location: 2F 1-1: Swinging Strike 1-2: Ball 2-2: Ground out 5-3 (Groundball, 5, EV 88.8 MPH)
|
| Top of the 6th over - 0 runs, 0 hits, 0 errors, 0 left on base; Chicago 3 - California 1 |
| BOTTOM OF THE 6TH |
|
California Angels batting - Pitching for Chicago White Sox : RHP Ricky Salas
|
|
Batting: RHB Nick Dunn
|
0-0: Ball 1-0: Called Strike 1-1: SINGLE (Groundball, 56D, EV 105.6 MPH) (infield hit)
|
|
Batting: LHB Mark Reeg
|
0-0: Ball 1-0: Called Strike 1-1: Ball 2-1: Called Strike 2-2: Strikes out swinging
|
|
Batting: RHB Preston Deakyne
|
0-0: Ball 1-0: Swinging Strike 1-1: Called Strike 1-2: Strikes out swinging
|
|
Batting: LHB Jonathon Walton
|
0-0: Swinging Strike 0-1: SINGLE (Groundball, 4MS, EV 71.9 MPH) (infield hit) Nick Dunn to second
|
|
Batting: RHB Bjoern Waltersson
|
0-0: Ball 1-0: Foul Ball, location: 2F 1-1: Called Strike 1-2: Fly out, F9 (Flyball, 9D, EV 100.6 MPH)
|
| Bottom of the 6th over - 0 runs, 2 hits, 0 errors, 2 left on base; Chicago 3 - California 1 |
| TOP OF THE 7TH |
|
Chicago White Sox batting - Pitching for California Angels : RHP Jonathan Jackson
|
|
Batting: RHB Brad Boals
|
0-0: Swinging Strike 0-1: DOUBLE (Line Drive, 89XD, EV 105.6 MPH)
|
|
Pitching: RHP Marshall Barron
|
|
|
Batting: LHB Sidney Pedder
|
0-0: SINGLE (Line Drive, 34D, EV 106.2 MPH) Brad Boals to third
|
|
Batting: RHB Chris Cooper
|
0-0: Ball Passed Ball! Brad Boals scores Sidney Pedder to second 1-0: Ball 2-0: Called Strike 2-1: Swinging Strike 2-2: Ground out 6-3 (Groundball, 6S, EV 89.4 MPH) Sidney Pedder to third
|
|
Batting: SHB Alfie Bungledorf
|
0-0: Ball 1-0: Called Strike 1-1: Called Strike 1-2: Strikes out swinging
|
|
Batting: RHB Dieter Knoops
|
0-0: Called Strike 0-1: Swinging Strike 0-2: Strikes out swinging
|
| Top of the 7th over - 1 run, 2 hits, 0 errors, 1 left on base; Chicago 4 - California 1 |
| BOTTOM OF THE 7TH |
|
California Angels batting - Pitching for Chicago White Sox : RHP Ricky Salas
|
|
Batting: LHB Justin Alexander
|
0-0: Ball 1-0: Called Strike 1-1: SINGLE (Line Drive, 34, EV 101.2 MPH)
|
|
Batting: RHB Avery Maxwell
|
0-0: Foul Ball, location: 2F 0-1: Ball 1-1: Ball 2-1: Fly out, F8 (Line Drive, 78M, EV 94.4 MPH)
|
|
Batting: LHB Javier Trujillo
|
0-0: Swinging Strike 0-1: Ground out 4-3 (Groundball, 34D, EV 101.9 MPH) Justin Alexander to second
|
|
Batting: RHB Alain Delhaye
|
0-0: Ball 1-0: Called Strike 1-1: Called Strike 1-2: Foul Ball, location: 2F 1-2: Ball 2-2: SINGLE (Groundball, 56D, EV 100.6 MPH) Justin Alexander to third Runner from 3rd tries for Home, throw by LF and OUT! 7-2
|
| Bottom of the 7th over - 0 runs, 2 hits, 0 errors, 1 left on base; Chicago 4 - California 1 |
| TOP OF THE 8TH |
|
Chicago White Sox batting - Pitching for California Angels : RHP Marshall Barron
|
|
Batting: RHB Joseph Disepolo
|
0-0: Ball 1-0: Ball 2-0: Ball 3-0: Base on Balls
|
|
Batting: SHB Jonathan Jenkins
|
0-0: Called Strike 0-1: Swinging Strike 0-2: Ball 1-2: 2-RUN HOME RUN (Flyball, 7D, EV 96.9 MPH), Distance : 365 ft
|
|
Batting: RHB Dietmar Warmisch
|
0-0: Ball 1-0: Called Strike 1-1: Foul Ball, location: 2F 1-2: Strikes out looking
|
|
Batting: RHB Rich Stinson
|
0-0: Called Strike 0-1: Foul Ball, location: 2F 0-2: Foul Ball, location: 2F 0-2: Ball 1-2: Fly out, F8 (Line Drive, 8LD, EV 101.9 MPH)
|
|
Batting: RHB Brad Boals
|
0-0: Foul Ball, location: 2F 0-1: Foul Ball, location: 2F 0-2: Strikes out swinging
|
| Top of the 8th over - 2 runs, 1 hit, 0 errors, 0 left on base; Chicago 6 - California 1 |
| BOTTOM OF THE 8TH |
|
California Angels batting - Pitching for Chicago White Sox : RHP Ricky Salas
|
|
Batting: RHB Nick Dunn
|
0-0: Called Strike 0-1: Foul Ball, location: 2F 0-2: Ball 1-2: Ball 2-2: Foul Ball, location: 2F 2-2: Ball 3-2: Base on Balls
|
|
Pitching: RHP Allen Speidel
|
|
|
Batting: LHB Mark Reeg
|
0-0: Foul Ball, location: 2F 0-1: Foul Ball, location: 2F 0-2: Fly out, F4 (Flyball, 4MD, EV 90.0 MPH)
|
|
Batting: RHB Preston Deakyne
|
0-0: SINGLE (Line Drive, 56D, EV 96.2 MPH) Nick Dunn to second
|
|
Batting: LHB Jonathon Walton
|
0-0: Fielders Choice at 2nd, 3-6 (Groundball, 3, EV 85.0 MPH) Nick Dunn to third
|
|
Pinch Hitting: LHB Micah Miller
|
0-0: Called Strike 0-1: Fly out, F6 (Popup, 6M, EV 58.8 MPH)
|
| Bottom of the 8th over - 0 runs, 1 hit, 0 errors, 2 left on base; Chicago 6 - California 1 |
| TOP OF THE 9TH |
|
Chicago White Sox batting - Pitching for California Angels : RHP Marshall Barron
|
|
Now in CF: Justin Alexander
|
|
|
Now in RF: Micah Miller
|
|
|
Batting: LHB Sidney Pedder
|
0-0: Ground out 6-3 (Groundball, 4M, EV 103.1 MPH)
|
|
Batting: RHB Chris Cooper
|
0-0: Ball 1-0: Fly out, F9 (Flyball, 89XD, EV 103.8 MPH)
|
|
Batting: SHB Alfie Bungledorf
|
0-0: Swinging Strike 0-1: Ball 1-1: Ball 2-1: Ball 3-1: Foul Ball, location: 2F 3-2: Strikes out swinging
|
| Top of the 9th over - 0 runs, 0 hits, 0 errors, 0 left on base; Chicago 6 - California 1 |
| BOTTOM OF THE 9TH |
|
California Angels batting - Pitching for Chicago White Sox : RHP Allen Speidel
|
|
Batting: LHB Justin Alexander
|
0-0: Called Strike 0-1: Foul Ball, location: 2F 0-2: Strikes out looking
|
|
Batting: RHB Avery Maxwell
|
0-0: Ball 1-0: Foul Ball, location: 2F 1-1: Swinging Strike 1-2: SINGLE (Line Drive, 7S, EV 113.1 MPH)
|
|
Batting: LHB Javier Trujillo
|
0-0: Called Strike 0-1: Fly out, F7 (Line Drive, 7S, EV 92.5 MPH)
|
|
Batting: RHB Alain Delhaye
|
0-0: Foul Ball, location: 2F 0-1: Swinging Strike 0-2: Fly out, F7 (Flyball, 7, EV 87.5 MPH)
|
| Bottom of the 9th over - 0 runs, 1 hit, 0 errors, 1 left on base; Chicago 6 - California 1 |
|